 Dungeon Sprint DCSS version 0.31.0-9-g3a7656b989 (webtiles) character file.

Game seed: 9187176266005038707

203 Heoruswealwe the Spear-Bearer (level 5, -16/53 HPs)
             Began as a Minotaur Fighter on Feb 3, 2024.
             Was an Initiate of Gozag.
             Demolished by a two-headed ogre
             ... wielding a +0 giant spiked club
              (22 damage)
             ... in the Dungeon (Sprint IX: "|||||||||||||||||||||||||||||").
             The game lasted 00:00:49 (94 turns).

Heoruswealwe the Spear-Bearer (Minotaur Fighter)      Turns: 94, Time: 00:00:50

Health: -16/53     AC:  8    Str: 22    XL:     5   Next: 51%
Magic:  4/4        EV:  9    Int:  5    God:    Gozag
Gold:   0          SH:  4    Dex: 10    Spells: 4/4 levels left

rFire   . . .        a - +0 trident
rCold   . . .        d - +0 buckler
rNeg    . . .        c - +0 scale mail
rPois   .            (helmet restricted)
rElec   .            (no cloak)
rCorr   .            (no gloves)
SInv    .            (no boots)
Will    .....        (no amulet) Stlth
                     (no ring)
HPRegen 0.28/turn    (no ring)
MPRegen 0.09/turn

%: no teleportation
@: no status effects
A: horns 2, retaliatory headbutt
a: Renounce Religion, Potion Petition, Call Merchant, Bribe Branch


You were in the Dungeon.
You worshipped Gozag.
Gozag was noncommittal.
You visited 1 branch

Inventory:

Hand Weapons
 a - a +0 trident (weapon)
Armour
 c - a +0 scale mail (worn)
 d - a +0 buckler (worn)
Jewellery
 k - a +3 ring of strength
 l - a +2 ring of evasion
Wands
 h - a wand of roots (10)
Scrolls
 j - 2 scrolls of blinking
Potions
 b - a potion of might
 e - 5 potions of curing
 f - 3 potions of heal wounds
 g - a potion of haste
 i - a potion of berserk rage


   Skills:
 + Level 7.8 Fighting
 * Level 10.0 Polearms
 + Level 7.8 Armour
 - Level 3.6 Shields


You had 4 spell levels left.
You didn't know any spells.
Your spell library was empty.

Dungeon Overview and Level Annotations

Branches:
Dungeon (1/1)

Altars:
Cheibriados
Dithmenos
Elyvilon
Fedhas
Gozag
Hepliaklqana
Kikubaaqudgha
Makhleb
Nemelex Xobeh
Okawaru
Qazlal
Ru
Sif Muna
Trog
Uskayaw
Vehumet
Wu Jian
Xom
Yredelemnul
Zin
The Shining One
Jiyva
Lugonu


Innate Abilities, Weirdness & Mutations

You have a pair of horns on your head.
You reflexively headbutt those who attack you in melee.


Message History

f - 3 potions of heal wounds (gained 2);
e - 5 potions of curing (gained 4)
Things that are here:
2 potions of magic; a potion of invisibility You drop 2 potions of magic.
Unknown command.
Found a +2 ring of evasion.
j - 2 scrolls of blinking (gained 1)
You see here 2 scrolls of amnesia.
h - a wand of roots (10)
Items here: )))))).
Okay, then.
You see here a +0 cloak.
You see here a +0 pair of gloves.
You see here a +0 plate armour.
k - a +3 ring of strength
l - a +2 ring of evasion You open the door.
An orc wizard, a killer bee, a two-headed ogre, a yak and 2 howler monkeys come into view.
The orc wizard shouts!
The killer bee buzzes angrily.
The two-headed ogre shouts in stereo!
The howler monkey howls!
The yak bellows!
The howler monkey howls!
The orc wizard casts a spell at you.
You are confused.
You bump into the unnaturally hard rock wall.
You bump into the unnaturally hard rock wall.
The orc wizard hits you but does no damage.
You bump into the unnaturally hard rock wall.
The orc wizard hits you with a +0 dagger.
You bump into the unnaturally hard rock wall.
You're too confused to move!
You feel less confused.
The howler monkey hoots and howls with incredible vigour! x2
You hit the two-headed ogre.
The two-headed ogre is lightly wounded.
The two-headed ogre hits you with a +0 giant spiked club!!
Ouch! That really hurt!
* * * LOW HITPOINT WARNING * * *
The two-headed ogre hits you with a +0 giant spiked club!!
You die...
Your body crumbles into a pile of gold. ▓▓▓▓▓▓▓▓▓▓▓▓▓▓▓▓▓▓▓▓▓▓▓▓ _______'!?).[[[.@OoyYhh. ▓▓▓▓▓▓▓▓▓▓▓▓▓▓▓▓▓▓▓▓▓▓▓▓

You could see a two-headed ogre, a yak, 2 howler monkeys, a killer bee and an orc wizard.

Vanquished Creatures
  A water moccasin (D)
  A scorpion (D)
  A hound (D)
  An orc (D)
  2 bats (D)
  An endoplasm (D)
  A jackal (D)
  A frilled lizard (D)
  A rat (D)
10 creatures vanquished.

Notes
Turn   | Place    | Note
-------+----------+-------------------------------------------
     0 | D        | Heoruswealwe the Minotaur Fighter began the quest for the
                  | Orb.
     0 | D        | Reached XP level 1. HP: 19/19 MP: 0/0
     7 | D        | Reached skill level 3 in Polearms
    17 | D        | Noticed a scorpion
    17 | D        | Noticed a water moccasin
    17 | D        | Noticed a hound
    19 | D        | Reached skill level 4 in Polearms
    23 | D        | Reached XP level 2. HP: 27/28 MP: 1/1
    25 | D        | Killed a scorpion
    26 | D        | Reached skill level 5 in Fighting
    26 | D        | Reached skill level 7 in Polearms
    26 | D        | Reached skill level 5 in Armour
    26 | D        | Reached XP level 3. HP: 25/37 MP: 2/2
    35 | D        | Killed a water moccasin
    36 | D        | Reached skill level 9 in Polearms
    36 | D        | Reached XP level 4. HP: 19/47 MP: 3/3
    36 | D        | Reached XP level 5. HP: 21/52 MP: 4/4
    38 | D        | Reached skill level 10 in Polearms
    44 | D        | Found a snail-covered altar of Cheibriados.
    44 | D        | Found a shadowy altar of Dithmenos.
    44 | D        | Found a white marble altar of Elyvilon.
    44 | D        | Found a blossoming altar of Fedhas.
    44 | D        | Found an opulent altar of Gozag.
    45 | D        | Found a hazy altar of Hepliaklqana.
    46 | D        | Found a viscous altar of Jiyva.
    47 | D        | Found an ancient bone altar of Kikubaaqudgha.
    48 | D        | Found a corrupted altar of Lugonu.
    49 | D        | Found a burning altar of Makhleb.
    50 | D        | Found a sparkling altar of Nemelex Xobeh.
    51 | D        | Found an iron altar of Okawaru.
    52 | D        | Became a worshipper of Gozag Ym Sagoz the Greedy
    53 | D        | Found a stormy altar of Qazlal.
    54 | D        | Found a sacrificial altar of Ru.
    55 | D        | Found a shimmering blue altar of Sif Muna.
    56 | D        | Found a bloodstained altar of Trog.
    57 | D        | Found a hide-covered altar of Uskayaw.
    58 | D        | Found a radiant altar of Vehumet.
    59 | D        | Found an ornate altar of the Wu Jian Council.
    60 | D        | Found a shimmering altar of Xom.
    61 | D        | Found a basalt altar of Yredelemnul.
    62 | D        | Found a glowing silver altar of Zin.
    63 | D        | Found a glowing golden altar of the Shining One.
    88 | D        | Noticed a two-headed ogre
    88 | D        | Noticed a yak
    94 | D        | Demolished by a two-headed ogre

Illustrated notes

Levels and vault maps discovered:
D:        linesprint [early_d, line_temple, items_1, d_10, items_2, lair_1,
          lair_end, items_3, orc_1, orc_end, items_4, d_15, swamp_1, shoals_1,
          snake_1, spider_1, d_20, vaults_1, items_5, swamp_end, shoals_end,
          snake_end, spider_end, vaults_end, d_27, items_6, zot_1, zot_end,
          crypt_end, forest_end, elf_end, slime_end, tomb_end, abyss_end,
          pan_hell_end]

Skill      XL: |  1  2  3  4  5 |
---------------+----------------+-----
Polearms       | 4 7 9 10 | 10.0
Fighting       | 4 5 7 |  7.8
Armour         | 4 5 7 |  7.8
Shields        | |  3.6

Action                     |  1- 3 |  4- 6 || total
---------------------------+-------+-------++-------
  Melee: Trident           |    25 |     3 ||    28
         Headbutt          |     4 |       ||     4
 Armour: Scale mail        |    15 |     5 ||    20
  Dodge: Dodged            |    14 |       ||    14
  Block: Buckler           |     1 |       ||     1
